[Event "Early-Titled-Tuesday-Blitz-April-02-2024"]
[Site "Chess.com"]
[Date "2024.04.02"]
[Round "11"]
[White "Shield12"]
[Black "GM_Levan_Pantsulaia"]
[Result "0-1"]
[WhiteElo "3027"]
[BlackElo "2929"]
[TimeControl "180+1"]
[EndTime "10:07:05 PDT"]
[Termination "GM_Levan_Pantsulaia won on time"]

1. e4 c5 2. Nf3 e6 3. c3 Nf6 4. e5 Nd5 5. d4 cxd4 6. cxd4 b6 7. Bd3 Ba6 8. O-O Qc8 9. a3 Be7 10. Re1 Bxd3 11. Qxd3 Qa6 12. Qe4 Nc6 13. Nbd2 O-O 14.
Nf1 f5 15. exf6 Nxf6 16. Qe2 Qxe2 17. Rxe2 Rac8 18. Ng3 Na5 19. Be3 Nd5 20. Rd1 Rc7 21.
Ne4 Rfc8 22. g3 Nc4 23. Bg5 Bf8 24. Rc2 h6 25. Bc1 Ne5 26. Rxc7 Nxf3+ 27. Kg2 Nh4+ 28. gxh4 Rxc7 29. Kf3 Rc2 30. h5 a5 31. a4 Kf7 32. h3 Bb4 33. Rg1 Be7 34. Rd1 Rc4 35. b3 Rc2 36. Be3 Rb2 37. Rd3 Bb4 38. Bc1 Rc2 39. Bf4 Nxf4 40. Kxf4 d5 41. Ng3 Rxf2+ 42. Kg4 Bd6 43. Rf3+ Rxf3 44. Kxf3 Kf6 45. Nf1 Kg5 46.
Ne3 Kxh5 47. Ng2 Kg5 48. Ke3 h5 0-1

[Event "Early-Titled-Tuesday-Blitz-April-02-2024"]
[Site "Chess.com"]
[Date "2024.04.02"]
[Round "11"]
[White "kachsona"]
[Black "eagleclaw07"]
[Result "0-1"]
[WhiteElo "2631"]
[BlackElo "2856"]
[TimeControl "180+1"]
[EndTime "10:07:05 PDT"]
[Termination "eagleclaw07 won on time"]

1. e4 Nf6 2. e5 Nd5 3. d4 d6 4. Nf3 dxe5 5. Nxe5 c6 6. Be2 Bf5 7. O-O Nd7 8. Nf3 e6 9. c4 N5f6 10. Nc3 h6 11. Re1 Be7 12. Bf4 O-O 13. Bd3 Bxd3 14. Qxd3 a5 15. Qc2 Re8 16. Rad1 Qb6 17. Ne5 Rad8 18.
Rd3 Nxe5 19. Bxe5 Ng4 20. c5 Qb4 21. a3 Qc4 22. b3 Qa6 23. Bf4 e5 24. h3 Nxf2 25.
Kxf2 exf4 26. Kg1 Bf6 27. Rxe8+ Rxe8 28. Ne2 g5 29. Kf2 b6 30. Qc4 Qxc4 31. bxc4 bxc5 32.
dxc5 Be7 33. Nd4 Bxc5 34. Kf3 Rd8 35. Ke4 Rd6 36. Nf5 Rxd3 37. Kxd3 Bxa3 38. Nxh6+ Kg7 39. Nf5+ Kg6 40. Nd4 c5 41. Nc6 a4 42. Kc2 Bb4 43. Nxb4 cxb4 44. c5 Kf5 45. c6 Ke6 46. c7 Kd7 0-1

[Event "Early-Titled-Tuesday-Blitz-April-02-2024"]
[Site "Chess.com"]
[Date "2024.04.02"]
[Round "11"]
[White "viktorskliarov"]
[Black "Predo63"]
[Result "1-0"]
[WhiteElo "2619"]
[BlackElo "2526"]
[TimeControl "180+1"]
[EndTime "10:07:09 PDT"]
[Termination "viktorskliarov won by resignation"]

1. e4 c6 2. d4 d5 3. e5 g6 4. h3 h5 5. Bd3 Na6 6. c3 Nc7 7. Ne2 h4 8. Qc2 Bh6 9. Nd2 Be6 10. O-O Qd7 11. f4 Bf5 12. Bxf5 Qxf5 13. Qxf5 gxf5 14. Nf3 Bf8 15. Be3 e6 16. Bf2 Be7 17.
Rfc1 Kd7 18. b3 a5 19. a4 Na6 20. Rc2 Bd8 21. Nc1 Be7 22. Nd3 Bd8 23. c4 Nc7 24. Kf1 Kc8 25. Ke2 Ra6 26. Nc5 Ra7 27. Be1 Be7 28.
Nd3 Bd8 29. Rac1 Kd7 30. Nc5+ Kc8 31. Nd3 Kd7 32. Ra2 Be7 33. Nc5+ Kc8 34. Rb1 Bd8 35.
b4 axb4 36. a5 Na6 37. Nxa6 Rxa6 38. Bxb4 dxc4 39. Rab2 f6 40. Bd6 Rh7 41. Nd2 fxe5 42. Nxc4 exd4 43. Kd3 Rd7 44. Be5 Be7 45. Nb6+ Rxb6 46.
Rxb6 Bd8 47. Rxc6+ Rc7 48. Rxc7+ Bxc7 49. Rc1 Kd8 50.
Rxc7 Ne7 51. Rxb7 Nc6 52. a6 Kc8 53. Rc7+ Kd8 54. Rxc6 1-0

[Event "Early-Titled-Tuesday-Blitz-April-02-2024"]
[Site "Chess.com"]
[Date "2024.04.02"]
[Round "11"]
[White "TitarovVasiliYouTube"]
[Black "SlavenPastar"]
[Result "0-1"]
[WhiteElo "2626"]
[BlackElo "2560"]
[TimeControl "180+1"]
[EndTime "10:07:13 PDT"]
[Termination "SlavenPastar won by resignation"]

1. g3 d5 2. Bg2 e5 3. d3 f5 4.
c4 c6 5. Nc3 d4 6. Nb1 Nf6 7.
Bg5 h6 8. Bxf6 Qxf6 9. h4 g5 10. hxg5 hxg5 11. Rxh8 Qxh8 12. Nd2 Bb4 13. Kf1 Bxd2 14.
Qxd2 g4 15. Qg5 Be6 16. Qg6+ Ke7 17. Re1 Nd7 18. e3 Rg8 19. Qxg8 Qxg8 20. exd4 exd4 21. Ne2 Kd8 22. Nxd4 Nf8 23. Re5 Kd7 24. Nxf5 Ng6 25. Ra5 Qd8 26. b4 Qf8 27. Be4 Qxb4 28. Rxa7 Ne5 29.
Nd4 Qb1+ 30. Kg2 Nxd3 31. Bxc6+ Kd6 32. Rxb7 Ne1+ 33. Kf1 Qd1 34. Ba4 Qxd4 35. Kxe1 Ke5 36. Rb5+ Kf6 37. Bb3 Qe4+ 38. Kd2 Qd4+ 39. Ke1 Bxc4 40.
Bxc4 Qxc4 41. Rb2 Qc1+ 42. Ke2 Qxb2+ 0-1

[Event "Early-Titled-Tuesday-Blitz-April-02-2024"]
[Site "Chess.com"]
[Date "2024.04.02"]
[Round "11"]
[White "ural58"]
[Black "Antosha_Chekhonte"]
[Result "0-1"]
[WhiteElo "2482"]
[BlackElo "2584"]
[TimeControl "180+1"]
[EndTime "10:07:13 PDT"]
[Termination "Antosha_Chekhonte won by resignation"]

1. e4 c6 2. Nc3 d5 3. Nf3 dxe4 4. Nxe4 Nf6 5. Qe2 Na6 6. d4 Nxe4 7. Qxe4 Qd5 8. Qxd5 cxd5 9. Bxa6 bxa6 10. Bd2 Bf5 11. Kd1 Rc8 12. c3 e6 13. Ne1 Bd6 14. Nc2 a5 15. f3 h5 16. h3 h4 17. Re1 Kd7 18.
Re3 f6 19. Rc1 g5 20. Re2 Rb8 21. b3 Rhc8 22. Be1 a4 23. b4 Bd3 24. Rd2 Bc4 25. a3 Bf4 26. Rf2 Bxc1 27. Kxc1 Bd3 28. Ne3 a5 29. Kb2 Kd6 30. Rd2 Bg6 31. Nd1 e5 32.
dxe5+ fxe5 33. Bf2 Ke6 34. Ka2 Rb7 35. Bc5 Bb1+ 36.
Ka1 Bg6 37. Nb2 Rxc5 38. bxc5 Rb3 39. Ka2 Rxc3 40. Nxa4 Rc4 41. Kb3 Be8 42. Nc3 Rxc5 43. a4 Bc6 44. Re2 Rc4 45. Ka3 Rxc3+ 0-1

[Event "Early-Titled-Tuesday-Blitz-April-02-2024"]
[Site "Chess.com"]
[Date "2024.04.02"]
[Round "11"]
[White "David_ATM"]
[Black "Elegance_Riks"]
[Result "0-1"]
[WhiteElo "2441"]
[BlackElo "2758"]
[TimeControl "180+1"]
[EndTime "10:07:15 PDT"]
[Termination "Elegance_Riks won on time"]

1. e4 Nf6 2. Nc3 d5 3. exd5 Nxd5 4. Nxd5 Qxd5 5. Nf3 Nc6 6. Be2 e5 7. d3 Bf5 8. O-O O-O-O 9. a4 a5 10. Nd2 f6 11.
Bf3 Qd7 12. Nc4 Bb4 13. Be3 g5 14. Be2 h5 15. Bd2 h4 16. Bxb4 Nxb4 17. Nxa5 h3 18. Bf3 hxg2 19. Bxb7+ Kb8 20. Bxg2 Qh7 21. h3 g4 22. Qd2 c5 23. Qe3 Rd4 24. c3 gxh3 25. Be4 Bxe4 26. dxe4 Rxe4 27. Qf3 Rf4 28. Qb7+ Qxb7 29.
Nxb7 h2+ 30. Kh1 Nd3 31. Nxc5 Nxc5 32. b4 Nd3 33. Ra2 e4 34. Rd2 Ne5 35. a5 Nf3 36. Rdd1 Rg4 37. b5 Rg1+ 0-1

[Event "Early-Titled-Tuesday-Blitz-April-02-2024"]
[Site "Chess.com"]
[Date "2024.04.02"]
[Round "11"]
[White "HajiyevKanan"]
[Black "ilqar_74"]
[Result "0-1"]
[WhiteElo "2614"]
[BlackElo "2806"]
[TimeControl "180+1"]
[EndTime "10:07:20 PDT"]
[Termination "ilqar_74 won by resignation"]

1. d4 Nf6 2. Nf3 g6 3. c4 Bg7 4. g3 O-O 5. Bg2 d6 6. O-O Nbd7 7. b3 e5 8. dxe5 Nxe5 9. Bb2 Qe7 10. Nc3 Rd8 11.
Qd2 Bg4 12. Rad1 Rab8 13. Rfe1 h5 14. h3 Bf5 15. Nd4 Bd7 16. f4 Nc6 17. Nd5 Nxd5 18.
cxd5 Nxd4 19. Bxd4 Bxd4+ 20. Qxd4 c5 21. dxc6 Bxc6 22.
Rd2 a6 23. e4 Rbc8 24. Red1 Rd7 25. Kh2 Re8 26. h4 Rdd8 27. Re1 Qc7 28. Qf6 Qa5 29. Red1 Bxe4 30. b4 Qc7 31. Bxe4 Rxe4 32. f5 Kh7 33. Rxd6 Rxd6 34. Rxd6 Rg4 35. Rd8 Qxg3+ 0-1

[Event "Early-Titled-Tuesday-Blitz-April-02-2024"]
[Site "Chess.com"]
[Date "2024.04.02"]
[Round "11"]
[White "Let_it_be_1"]
[Black "LeoWin2012"]
[Result "1-0"]
[WhiteElo "2566"]
[BlackElo "2340"]
[TimeControl "180+1"]
[EndTime "10:07:21 PDT"]
[Termination "Let_it_be_1 won by checkmate"]

1. e4 c5 2. Nf3 d6 3. d4 cxd4 4. Nxd4 Nf6 5. Nc3 a6 6. Be2 e5 7.
Nb3 Be6 8. f4 exf4 9. Bxf4 Be7 10. O-O O-O 11. Qe1 Nc6 12. Rd1 b5 13. a3 Qb6+ 14.
Kh1 Rad8 15. Qg3 Ne5 16. Be3 Qc7 17. Nd4 Kh8 18. Bg5 Rfe8 19. Nf5 Bxf5 20. Rxf5 Ng6 21.
h4 h6 22. Bxf6 Bxf6 23. h5 Ne5 24. Nd5 Qxc2 25. Nxf6 Qxe2 26. Re1 Qxb2 27. Nxe8 Rxe8 28.
Rd1 Nc4 29. Rxf7 Qe5 30. Qg6 Qg5 31. Ra7 Qxg6 32. hxg6 a5 33. Rd5 Kg8 34. Rxb5 Nxa3 35.
Rbb7 Nc4 36. Rxg7+ Kh8 37. Rh7+ Kg8 38. Rag7+ Kf8 39.
Rc7 Nd2 40. Rh8# 1-0

[Event "Early-Titled-Tuesday-Blitz-April-02-2024"]
[Site "Chess.com"]
[Date "2024.04.02"]
[Round "11"]
[White "Alexchess1984"]
[Black "Heliosis11"]
[Result "0-1"]
[WhiteElo "2693"]
[BlackElo "2395"]
[TimeControl "180+1"]
[EndTime "10:07:21 PDT"]
[Termination "Heliosis11 won by checkmate"]

1. e4 c5 2. c3 Nf6 3. e5 Nd5 4. Bc4 Nb6 5. Bb3 e6 6. Nf3 Nc6 7.
d4 cxd4 8. cxd4 d5 9. O-O Be7 10. Nc3 O-O 11. a3 Na5 12. Bc2 Bd7 13. Qd3 g6 14. g3 Rc8 15. h4 Nac4 16. h5 Qc7 17. Bb1 Nxa3 18. Bh6 Nxb1 19. Bxf8 Nxc3 20. Bxe7 Bb5 21. Qxc3 Qxe7 22. Qa5 Bxf1 23. Rxf1 Nc4 24. Qxa7 Qb4 25. h6 Qxb2 26. Ng5 Nd2 27. Ra1 Nb3 28. Ra4 Qc1+ 29. Kg2 Qxg5 30. Qxb7 Rf8 31. Qxb3 Qxh6 32. Ra7 Qd2 33. Qa3 Qxd4 34. Ra8 Rxa8 35. Qxa8+ Kg7 36. Qb8 Qe4+ 37. Kf1 d4 38. Qd6 d3 39. Qd8 Qh1# 0-1

[Event "Early-Titled-Tuesday-Blitz-April-02-2024"]
[Site "Chess.com"]
[Date "2024.04.02"]
[Round "11"]
[White "Bilan_Danila"]
[Black "KNVB"]
[Result "0-1"]
[WhiteElo "2592"]
[BlackElo "2780"]
[TimeControl "180+1"]
[EndTime "10:07:25 PDT"]
[Termination "KNVB won by resignation"]

1. d4 e5 2. dxe5 Nc6 3. Nf3 Qe7 4. g3 Nxe5 5. Nxe5 Qxe5 6. Bg2 Bc5 7. O-O Nf6 8. Nc3 d6 9. Bf4 Qh5 10. e4 Bg4 11. Qd3 O-O 12. Kh1 a6 13. f3 Bh3 14. Nd5 Nxd5 15. Qxd5 Qxd5 16. exd5 Bf5 17. c3 Bd3 18. Rfd1 Be2 19. Rd2 Rfe8 20. h4 h6 21. g4 Bf2 22. h5 Kf8 23. Kh2 a5 24. Bg3 Bc5 25. Re1 Bc4 26. f4 Rxe1 27. Bxe1 Be3 28. Rc2 Bd3 29. Rd2 Bxf4+ 30. Kh3 Bxd2 31. Bxd2 Re8 32. Bf3 Be4 33. Bd1 Bxd5 34. Kg3 Bxa2 0-1

[Event "Early-Titled-Tuesday-Blitz-April-02-2024"]
[Site "Chess.com"]
[Date "2024.04.02"]
[Round "11"]
[White "Rurep26"]
[Black "Alexander_Donchenko"]
[Result "0-1"]
[WhiteElo "2728"]
[BlackElo "2895"]
[TimeControl "180+1"]
[EndTime "10:07:26 PDT"]
[Termination "Alexander_Donchenko won by resignation"]

1. d4 Nf6 2. Bf4 c5 3. e3 Qb6 4. Nc3 cxd4 5. exd4 d5 6. Rb1 Bg4 7. Be2 Bxe2 8. Ngxe2 Nc6 9. O-O e6 10. b4 Be7 11. a4 O-O 12. Nb5 Rac8 13. Nd6 Bxd6 14.
Bxd6 Rfd8 15. a5 Qb5 16. Bf4 Ne4 17. Qd3 Qxd3 18. cxd3 Nf6 19. Bg5 a6 20. Rfc1 Kf8 21.
f4 Ke7 22. Kf2 h6 23. Bh4 Kd6 24. Ke3 Na7 25. Rc5 Rg8 26. Bxf6 gxf6 27. Rbc1 Kd7 28. g3 Nc6 29. b5 Nxa5 30. bxa6 Rxc5 31. Rxc5 b6 32.
Rb5 Kc6 33. Nc3 Ra8 34. Kf3 Rxa6 35. Rb2 Ra8 36. Rc2 Kd7 37. Na4 Rb8 38. Rb2 Kc7 39.
Rc2+ Nc6 40. Rb2 Nxd4+ 41. Kg4 b5 42. Nc3 b4 43. Na4 Kc6 44. Rb1 Kb5 45. Nc3+ Kc6 46. Na4 b3 47. Kh5 Kb5 48. Nc3+ Kb4 49. Nd1 Rh8 50.
Rb2 Ka3 51. Rf2 f5 52. h3 Rc8 53. g4 Rc2 0-1

[Event "Early-Titled-Tuesday-Blitz-April-02-2024"]
[Site "Chess.com"]
[Date "2024.04.02"]
[Round "11"]
[White "ChessSwole"]
[Black "MaestroCheck"]
[Result "1-0"]
[WhiteElo "2690"]
[BlackElo "2553"]
[TimeControl "180+1"]
[EndTime "10:07:26 PDT"]
[Termination "ChessSwole won on time"]

1. d4 d5 2. c4 c6 3. Nf3 Nf6 4. Nc3 e6 5. g3 dxc4 6. Bg2 b5 7. O-O Nbd7 8. e4 Bb7 9. e5 Nd5 10. Ng5 h6 11. Nxe6 fxe6 12. Qh5+ Ke7 13. Bg5+ hxg5 14. Qxh8 Qe8 15. Ne4 Kd8 16. Nxg5 Qe7 17. Qh5 Kc7 18. Bh3 Kb6 19. Nxe6 a5 20. a4 b4 21. Rfc1 c3 22.
bxc3 Nxc3 23. Qf3 c5 24. Qe3 Rc8 25. Rxc3 bxc3 26. Rb1+ Ka7 27. Qxc3 Nb8 28. Nxc5 Na6 29. Bxc8 Bxc8 30. Qxa5 Qxc5 31. dxc5 Bxc5 32. Qd8 Bb7 33. e6 1-0

[Event "Early-Titled-Tuesday-Blitz-April-02-2024"]
[Site "Chess.com"]
[Date "2024.04.02"]
[Round "11"]
[White "martinmena"]
[Black "Suduvasachmatai"]
[Result "0-1"]
[WhiteElo "2167"]
[BlackElo "2284"]
[TimeControl "180+1"]
[EndTime "10:07:28 PDT"]
[Termination "Suduvasachmatai won by resignation"]

1. c4 e6 2. g3 d5 3. Bg2 Nf6 4. Nf3 c5 5. O-O Nc6 6. d4 cxd4 7. Nxd4 Bd7 8. cxd5 exd5 9. Nc3 Rc8 10. Bg5 Be7 11. e3 O-O 12. Bxf6 Bxf6 13. Bxd5 Nxd4 14. exd4 Bh3 15.
Bxb7 Bxf1 16. Bxc8 Qxc8 17. Kxf1 Qc4+ 18. Ne2 Re8 19.
d5 Rd8 20. Rc1 Qe4 21. Kg1 h6 22. d6 Bxb2 23. Rc7 Be5 24. Rxa7 Rxd6 25. Qf1 Rd2 26. Nc1 Bd4 27. Nb3 Rxf2 28. Nxd4 Rxf1+ 29. Kxf1 Qxd4 30. Ra8+ Kh7 31. a4 Qc4+ 32. Kg1 Qc5+ 33. Kf1 Qf5+ 34.
Kg1 Qb1+ 35. Kf2 Qb2+ 36. Kf1 Qxh2 37. a5 Qxg3 38. a6 Qf3+ 39. Ke1 Qxa8 40. a7 Qxa7 0-1

[Event "Early-Titled-Tuesday-Blitz-April-02-2024"]
[Site "Chess.com"]
[Date "2024.04.02"]
[Round "11"]
[White "KuzubovYuriy"]
[Black "Mops_2004"]
[Result "1-0"]
[WhiteElo "2918"]
[BlackElo "2784"]
[TimeControl "180+1"]
[EndTime "10:07:29 PDT"]
[Termination "KuzubovYuriy won by resignation"]

1. d4 g6 2. e4 Bg7 3. Nf3 d6 4. Bd3 Nc6 5. c3 e5 6. dxe5 Nxe5 7. Nxe5 dxe5 8. O-O Nf6 9. Bg5 h6 10. Bh4 O-O 11.
Qe2 Qe8 12. Bb5 c6 13. Ba4 Nh5 14. Rd1 Bf6 15. Bxf6 Nxf6 16. Nd2 Bg4 17. f3 Be6 18. Bb3 Kg7 19. a4 Rd8 20. Bxe6 Qxe6 21. Nc4 b5 22.
Ne3 a6 23. axb5 Rxd1+ 24. Rxd1 cxb5 25. Qd2 Qb6 26. Kf2 Re8 27. Qd6 Re6 28. Qxb6 Rxb6 29.
Rd8 a5 30. Ra8 a4 31. Ke2 h5 32.
h4 Nd7 33. Nd5 Rb7 34. Re8 Ra7 35. Re7 Kf8 36. g4 Rb7 37. g5 Ra7 38. Ke3 Rb7 39.
f4 exf4+ 40. Kxf4 Ra7 41. e5 Rb7 42. e6 fxe6 43. Rxe6 Kf7 44. Re7+ Kf8 45. Rh7 Ra7 46. Nf6 1-0

[Event "Early-Titled-Tuesday-Blitz-April-02-2024"]
[Site "Chess.com"]
[Date "2024.04.02"]
[Round "11"]
[White "JosefineHeinemann"]
[Black "JimDiGrease"]
[Result "0-1"]
[WhiteElo "2543"]
[BlackElo "2944"]
[TimeControl "180+1"]
[EndTime "10:07:29 PDT"]
[Termination "JimDiGrease won by resignation"]

1. e4 c5 2. Nf3 e6 3. d4 cxd4 4.
Nxd4 Nf6 5. Nc3 Nc6 6. Nxc6 bxc6 7. e5 Nd5 8. Ne4 Qc7 9. f4 Rb8 10. a3 Qb6 11. c4 Ne3 12. Qd3 Nf5 13. b4 Ba6 14.
Be2 Be7 15. g4 Nd4 16. Be3 Nc2+ 17. Kf2 Nxe3 18. Qxe3 Qc7 19. Rhd1 O-O 20. Ra2 f5 21. exf6 Bxf6 22. Kg2 Be7 23. Rf1 d5 24. cxd5 Bxe2 25. Rxe2 exd5 26. Ng3 Bd6 27. Nf5 Rf6 28. Nxd6 Qxd6 29.
g5 Rf7 30. h4 Rbf8 31. Ref2 g6 32. Qd4 Re8 33. h5 Re4 34. Qd2 Qe6 35. hxg6 Qg4+ 36.
Kh1 hxg6 37. Rg2 Qh3+ 38. Kg1 Rh7 39. Qc2 Qe3+ 40. Qf2 Qh3 41. Qd2 Rhe7 42. f5 gxf5 43. Rxf5 Qxf5 44. g6 Re1+ 0-1

[Event "Early-Titled-Tuesday-Blitz-April-02-2024"]
[Site "Chess.com"]
[Date "2024.04.02"]
[Round "11"]
[White "SteinerPro12"]
[Black "KorolDimitriy75"]
[Result "0-1"]
[WhiteElo "2213"]
[BlackElo "2369"]
[TimeControl "180+1"]
[EndTime "10:07:29 PDT"]
[Termination "KorolDimitriy75 won on time"]

1. e4 c5 2. a3 g6 3. b4 Bg7 4. Nc3 d6 5. Rb1 Nc6 6. Bc4 e6 7. Nge2 Nge7 8. d3 O-O 9. bxc5 dxc5 10. O-O b6 11. Bb2 Bb7 12. Nb5 Nd4 13. Nbxd4 cxd4 14.
c3 Nc6 15. cxd4 Nxd4 16. Nxd4 Bxd4 17. Bxd4 Qxd4 18. h4 Bxe4 19. Bxe6 Bxd3 20. Rb4 Qd8 21. Re1 fxe6 22. Rxe6 Bf5 23. Rd6 Qe7 24. h5 Rad8 25. Rbd4 Rxd6 26. Rxd6 gxh5 27. Qd5+ Qf7 28. Qd4 Bg6 29.
f3 Qf4 30. Qd5+ Kh8 31. Rd7 a5 32. Kf2 h4 33. Qc6 Qf6 34. Rd6 Qb2+ 0-1

[Event "Early-Titled-Tuesday-Blitz-April-02-2024"]
[Site "Chess.com"]
[Date "2024.04.02"]
[Round "11"]
[White "JaackCamel"]
[Black "IsmaelAmadorGarcia"]
[Result "0-1"]
[WhiteElo "2194"]
[BlackElo "2320"]
[TimeControl "180+1"]
[EndTime "10:07:29 PDT"]
[Termination "IsmaelAmadorGarcia won by checkmate"]

1. d4 Nf6 2. c4 g6 3. Nc3 Bg7 4. e4 O-O 5. Nf3 d6 6. Be2 Na6 7. Be3 e5 8. d5 c5 9. h3 Nc7 10. g4 Nfe8 11. Nd2 a6 12. a4 a5 13.
Nb5 Na6 14. Nb1 Nb4 15. N1c3 b6 16. h4 f5 17. gxf5 gxf5 18. exf5 Bxf5 19. Rc1 Nf6 20. Rg1 Kh8 21. Bg5 Qd7 22. f3 Nh5 23. Qd2 Nf4 24. Ne4 Nh3 25. Rg3 Bxe4 26. fxe4 Nf2 27. Qe3 Rf7 28.
Kd2 Raf8 29. Rcg1 Rf4 30. Bxf4 exf4 31. Qxf2 fxg3 32. Qxg3 Bxb2 33. Nc3 Qf7 34. Rg2 Qf6 35. Nd1 Qd4+ 36. Ke1 Nc2# 0-1

[Event "Early-Titled-Tuesday-Blitz-April-02-2024"]
[Site "Chess.com"]
[Date "2024.04.02"]
[Round "11"]
[White "GlavkonVVS"]
[Black "NowInChess"]
[Result "1-0"]
[WhiteElo "2615"]
[BlackElo "2250"]
[TimeControl "180+1"]
[EndTime "10:07:30 PDT"]
[Termination "GlavkonVVS won on time"]

1. c4 e5 2. Nc3 Nf6 3. g3 g6 4.
Bg2 Bg7 5. Nf3 Nc6 6. d3 O-O 7. Rb1 a5 8. a3 d6 9. b4 axb4 10.
axb4 Nh5 11. b5 Ne7 12. O-O f5 13. c5 e4 14. dxe4 Bxc3 15. Qb3+ d5 16. Qxc3 fxe4 17.
Bb2 exf3 18. Qh8+ Kf7 19. Qxh7+ Ke8 20. exf3 Nf6 21. Qh6 Ra2 22. Rfe1 Kf7 23. Qf4 Bf5 24.
Qd4 Rxb2 25. Rxb2 c6 26. g4 Bd7 27. Rbe2 Neg8 28. g5 Nh5 29. f4 Bf5 30. Re5 Qc7 31. Rxd5 Qc8 32. bxc6 bxc6 33. Rd6 Ne7 34. Rf6+ Kg8 35.
Rxe7 Qd8 36. Rxf8+ Qxf8 37. Qe5 1-0

[Event "Early-Titled-Tuesday-Blitz-April-02-2024"]
[Site "Chess.com"]
[Date "2024.04.02"]
[Round "11"]
[White "MikeWizard"]
[Black "javirec"]
[Result "1-0"]
[WhiteElo "2195"]
[BlackElo "2262"]
[TimeControl "180+1"]
[EndTime "10:07:30 PDT"]
[Termination "MikeWizard won on time"]

1. d4 Nf6 2. c4 g6 3. Nc3 Bg7 4. e4 d6 5. Be2 O-O 6. Nf3 e5 7. dxe5 dxe5 8. Qxd8 Rxd8 9. Bg5 Re8 10. Nd5 Nxd5 11.
cxd5 c6 12. Bc4 b5 13. Bb3 c5 14. a4 Ba6 15. axb5 Bxb5 16. Rc1 Nd7 17. Be3 Rec8 18.
Bc4 Rab8 19. Nd2 a6 20. O-O Bf8 21. Rc2 Nb6 22. Rfc1 Nxc4 23. Nxc4 Bxc4 24. Rxc4 Rxb2 25. g3 Rb5 26. Ra1 a5 27. Bd2 Ra8 28. Rca4 Bd6 29.
Bxa5 f5 30. f3 Rb2 31. Bc3 Rxa4 32. Rxa4 Rb3 33. Rc4 fxe4 34. fxe4 Rb1+ 35. Kg2 Rc1 36. Kf3 Be7 37. Ke2 Bd6 38. Kd3 Kf7 39. Bd2 Rg1 40. Be3 Rg2 41. Bxc5 Bxc5 42. Rxc5 Rxh2 43. Rc7+ Ke8 44. d6 Rh3 45. Re7+ Kd8 46. Kc4 h5 47. Kd5 Rxg3 48. Kxe5 Rf3 49. Rg7 h4 50. Ke6 1-0

[Event "Early-Titled-Tuesday-Blitz-April-02-2024"]
[Site "Chess.com"]
[Date "2024.04.02"]
[Round "11"]
[White "BardArtem"]
[Black "KATPAH"]
[Result "0-1"]
[WhiteElo "2843"]
[BlackElo "2700"]
[TimeControl "180+1"]
[EndTime "10:07:31 PDT"]
[Termination "KATPAH won on time"]

1. e4 e5 2. d4 exd4 3. Qxd4 Nc6 4. Qd3 Nf6 5. Nc3 d6 6. Bg5 Be7 7. O-O-O O-O 8. f4 a6 9. Nf3 b5 10. Nd5 Nxd5 11. exd5 Nb8 12. Re1 Bf6 13. g3 Nd7 14. Nd4 Bxg5 15. Nc6 Qf6 16. fxg5 Qxg5+ 17. Kb1 Nc5 18.
Qd4 Bb7 19. Bg2 Bxc6 20. dxc6 Rae8 21. a3 Re6 22. Bd5 Re5 23. Rxe5 Qxe5 24. Qxe5 dxe5 25. b4 Na4 26. Bb3 Nb6 27. Rd1 Re8 28. g4 e4 29.
Kb2 e3 30. Kc3 Kf8 31. Re1 e2 32. Kd3 Nc8 33. Bd5 Rd8 34. c4 bxc4+ 35. Kxc4 Nb6+ 36. Kb3 Rxd5 37. Rxe2 Rd3+ 38. Kc2 Rd6 0-1

[Event "Early-Titled-Tuesday-Blitz-April-02-2024"]
[Site "Chess.com"]
[Date "2024.04.02"]
[Round "11"]
[White "SaiAgni_98"]
[Black "Rutricks"]
[Result "1-0"]
[WhiteElo "2534"]
[BlackElo "2675"]
[TimeControl "180+1"]
[EndTime "10:07:31 PDT"]
[Termination "SaiAgni_98 won on time"]

1. c4 b6 2. e4 Bb7 3. Nc3 g6 4. g3 Bg7 5. Bg2 d6 6. Nge2 e6 7. O-O Ne7 8. d3 O-O 9. Be3 Nd7 10. Qd2 f5 11. Bh6 e5 12. Bxg7 Kxg7 13. f4 Nf6 14.
Rae1 Qd7 15. Nd5 Nexd5 16. exd5 c6 17. dxc6 Bxc6 18. d4 Bxg2 19. Kxg2 Qc6+ 20. Kg1 Qxc4 21.
dxe5 dxe5 22. fxe5 Ng4 23. Qd4 Qxd4+ 24. Nxd4 Rfe8 25. Nf3 Rad8 26. h3 Nh6 27. Rc1 Re7 28.
Rfd1 Rxd1+ 29. Rxd1 Nf7 30. Rd5 g5 31. g4 Kg6 32. Kf2 h5 33. Kg3 h4+ 34. Kg2 fxg4 35. hxg4 Re6 36. b4 a6 37. a4 Kg7 38. b5 axb5 39.
axb5 Kf8 40. Rd7 Nxe5 41. Nxg5 Rg6 42. Nh7+ Kg8 43. Rb7 Nf7 44. Kh3 Kg7 45. g5 Kg8 46. Kxh4 1-0

[Event "Early-Titled-Tuesday-Blitz-April-02-2024"]
[Site "Chess.com"]
[Date "2024.04.02"]
[Round "11"]
[White "zajka-molotok"]
[Black "PIwan"]
[Result "0-1"]
[WhiteElo "2551"]
[BlackElo "2463"]
[TimeControl "180+1"]
[EndTime "10:07:31 PDT"]
[Termination "PIwan won by resignation"]

1. b3 e6 2. Bb2 d5 3. e3 f5 4. Nf3 Nf6 5. Be2 Bd6 6. O-O O-O 7. d3 Qe7 8. Nbd2 e5 9. e4 dxe4 10. dxe4 fxe4 11. Ng5 e3 12. fxe3 Nc6 13. Nde4 Bc5 14. Nxc5 Qxc5 15. Qc1 h6 16. Ba3 Nb4 17. c3 a5 18. Bc4+ Kh8 19. Nf7+ Rxf7 20. Bxf7 Qe7 21. Bg6 Bg4 22. cxb4 axb4 23. Bb2 Rd8 24. h3 Be2 25. Rf2 Bb5 26. Qf1 Bxf1 27. Raxf1 Qc5 28. Re2 Ra8 29.
Bb1 Rd8 30. Kh2 b5 31. Rf5 Re8 32. Rc2 Qd6 33. Rcf2 c5 34. R2f3 c4 35. Rf2 c3 36.
Bc1 Qd1 37. Rc2 e4 38. a3 bxa3 39. Rff2 b4 40. Rfe2 Qd6+ 41. Kg1 Nh5 42. Rf2 Ng3 43. Ra2 Qd1+ 44. Kh2 Nf1+ 45. Rxf1 Qxf1 46. Rc2 Qd1 47.
Kg3 a2 48. Rxa2 Qxc1 49. Bxe4 Qxe3+ 50. Bf3 Qd3 51. Kf2 c2 52. Ra1 Qd2+ 53. Kg3 c1=Q 54. Rxc1 Qxc1 55. h4 Qc5 56. h5 Qc3 57. Kg4 Qxb3 58.
Kf5 Qe6+ 59. Kf4 Qe5+ 60. Kg4 b3 0-1

[Event "Early-Titled-Tuesday-Blitz-April-02-2024"]
[Site "Chess.com"]
[Date "2024.04.02"]
[Round "11"]
[White "PawnEatingZombie"]
[Black "IsaqueGoncalvesSanto"]
[Result "1-0"]
[WhiteElo "2169"]
[BlackElo "1921"]
[TimeControl "180+1"]
[EndTime "10:07:32 PDT"]
[Termination "PawnEatingZombie won by checkmate"]

1. e4 e6 2. d4 d5 3. exd5 exd5 4. Bf4 Bd6 5. Qd2 Nf6 6. Nc3 O-O 7. O-O-O Bb4 8. f3 Bf5 9. g4 Bg6 10. h4 h5 11. Bd3 hxg4 12. fxg4 Ne4 13. Bxe4 Bxe4 14. Rh2 Nd7 15. g5 Nb6 16. h5 Qe7 17. Nge2 Nc4 18.
Qe1 Nxb2 19. Kxb2 Ba3+ 20. Ka1 Bxc2 21. Rd2 Be4 22. Be5 f6 23. gxf6 gxf6 24. Qg3+ Kh8 25.
Nf4 fxe5 26. Ng6+ Bxg6 27. hxg6+ Kg8 28. Qh3 Qg7 29. Qe6+ Rf7 30. gxf7+ Kf8 31. Rdg2 Bb2+ 32.
Kxb2 exd4 33. Rh8+ Qxh8 34. Rg8+ Qxg8 35. fxg8=Q# 1-0

[Event "Early-Titled-Tuesday-Blitz-April-02-2024"]
[Site "Chess.com"]
[Date "2024.04.02"]
[Round "11"]
[White "FGHSMN"]
[Black "GnowReopard"]
[Result "1-0"]
[WhiteElo "2913"]
[BlackElo "2757"]
[TimeControl "180+1"]
[EndTime "10:07:33 PDT"]
[Termination "FGHSMN won by resignation"]

1. b3 e5 2. Bb2 Nc6 3. c4 g6 4. e3 Bg7 5. Nf3 Nge7 6. d4 d6 7.
dxe5 O-O 8. Nc3 dxe5 9. Be2 e4 10. Nd2 f5 11. O-O Be6 12. a3 Qd7 13. Qc2 Ne5 14.
Rfd1 Qc6 15. b4 Rfd8 16. Nb5 Bf7 17. Nd4 Qe8 18. c5 Nd5 19. Rac1 c6 20. Nc4 Nxc4 21. Bxc4 Qe7 22. Ne2 Nf6 23. Rxd8+ Rxd8 24. Bd4 Bxc4 25. Qxc4+ Nd5 26. b5 Bf6 27. Bxf6 Qxf6 28. Nd4 Kg7 29.
bxc6 bxc6 30. Qa6 f4 31. Qxc6 fxe3 32. fxe3 Nxe3 33. Ne6+ Kh6 34. Qxe4 Nxg2 35. Nxd8 Nf4 36. Rf1 Qg5+ 37. Kh1 Nh3 38. Nf7+ 1-0